 Dungeon Crawl Stone Soup version 0.29-a0-1033-gb6c65ffae6 (webtiles) character file.

Game seed: 11628244026333899151

1899 Zeldest the Summoner (level 9, 0/69 (79) HPs)
             Began as a Naga Summoner on Aug 14, 2022.
             Was an Initiate of Cheibriados.
             Slain by a wight
             ... wielding a +3 scimitar
              (12 damage)
             ... on level 7 of the Dungeon.
             The game lasted 00:23:36 (2856 turns).

Zeldest the Summoner (Naga Summoner)                Turns: 2856, Time: 00:23:37

HP:   0/69 (79)     AC:  7    Str: 11    XL:     9   Next: 15%
MP:   13/15         EV:  9    Int: 20    God:    Cheibriados [......]
Gold: 331           SH:  0    Dex: 18    Spells: 8/16 levels left

rFire   . . .      SeeInvis +   p - +9 sling of Ysoeddes {vorpal, rPois rC+ Dex+4}
rCold   + + .      Faith    .   (no shield)
rNeg    . . .      Spirit   .   a - +2 leather armour {rPois}
rPois   +          Reflect  .   s - +0 helmet
rElec   .          Harm     .   (no cloak)
rCorr   .          Rampage  .   (no gloves)
Will    +....                   (no barding)
Stlth   ++........              n - amulet of magic regeneration
HPRegen 0.21/turn               f - ring of protection from cold
MPRegen 0.54/turn               (no ring)

@: about to teleport, studying Throwing, heavily drained, very slow
A: AC +3, large, see invisible, deformed body, poison resistance, slowness 2,
spit poison 1, naga tail 1
a: Spit Poison, Renounce Religion


You were on level 7 of the Dungeon.
You worshipped Cheibriados.
Cheibriados was noncommittal.
You visited 2 branches of the dungeon, and saw 8 of its levels.

You collected 331 gold pieces.

Inventory:

Hand Weapons
 p - the +9 sling of Ysoeddes (weapon) {vorpal, rPois rC+ Dex+4}
   (You found it on level 4 of the Dungeon)

   Any ammunition fired from it inflicts extra damage upon your enemies.
   Dex:       It affects your dexterity (+4).
   rC:        It protects you from cold.
   rPois:     It protects you from poison.
Armour
 a - a +2 leather armour of poison resistance (worn)
 l - a +0 ring mail of willpower
 s - a +0 helmet (worn)
Jewellery
 c - an amulet of guardian spirit
 f - a ring of protection from cold (left hand)
 i - a ring of flight
 n - an amulet of magic regeneration (around neck)
Scrolls
 k - a scroll of amnesia
 o - a scroll of teleportation
Potions
 b - a potion of magic
 e - 2 potions of curing
 g - 2 potions of flight
 h - 2 potions of mutation
 m - a potion of might
 q - 2 potions of brilliance


   Skills:
 + Level 4.5 Fighting
 * Level 5.6 Ranged Weapons
 - Level 1.5 Dodging
 - Level 3.0 Stealth
 - Level 4.4 Spellcasting
 * Level 8.0 Summonings
 + Level 1.9 Invocations


You had 8 spell levels left.
You knew the following spells:

 Your Spells              Type           Power      Damage    Failure   Level
a - Call Imp              Summ           36%        N/A       1%          2
c - Call Canine Familiar  Summ           36%        N/A       1%          3
d - Summon Guardian Gole  Hex/Summ       20%        N/A       10%         3

Your spell library contained the following spells:

 Spells                   Type           Power      Damage    Failure   Level
 Summon Small Mammal      Summ           100%       N/A       1%          1
 Summon Lightning Spire   Summ/Air       20%        N/A       30%         4


Dungeon Overview and Level Annotations

Branches:
Dungeon (7/15)             Temple (1/1) D:7

Altars:
Cheibriados
Kikubaaqudgha
Makhleb
Nemelex Xobeh
Qazlal
Sif Muna
Trog
Uskayaw
Vehumet
Wu Jian
Xom
Zin
The Shining One

Shops:
D:2 (   D:4 (!

Annotations:
D:4 1 runed translucent door, Grinder; ragingrage's ghost, amateur DsCK
D:5 3 runed translucent doors, bwicke's ghost, amateur PaGl
D:7 2 runed translucent doors


Innate Abilities, Weirdness & Mutations

Your serpentine skin is tough. (AC +3)
You have supernaturally acute eyesight. (SInv)
Armour fits poorly on your strangely shaped body.
Your system is resistant to poisons. (rPois)
You cover ground very slowly.
You can spit poison.
You have a snake-like lower body.


Message History

You feel drained. The wight barely misses your wolf.
Fire: p) +9 sling of Ysoeddes {vorpal, rPois rC+ Dex+4}
Press: ? - help, Q - select action, (/) - cycle Shift-Dir - straight line, f/p - hound
Aim: a hound (severely wounded, ally target, 64% to hit)
You shoot a sling bullet. The sling bullet hits the hound!
You kill the hound!
Cheibriados thoroughly appreciates the change of pace.
Your wolf bites the wight.
Your crimson imp blinks!
Your wolf barely misses the wight.
The wight hits you with a +3 scimitar.
You feel drained.
The wight hits you with a +0 long sword!
The wight barely misses your wolf.
Your Summonings skill increases to level 8!
Your wolf bites the wight but does no damage. x2
The wight hits you with a +0 long sword!
You feel drained. The wight closely misses your wolf.
Your wolf bites the wight but does no damage.
The wight closely misses your wolf. The wight hits you with a +3 scimitar!
* * * LOW HITPOINT WARNING * * *
You feel drained.
The wight hits you with a +0 long sword.
* * * LOW HITPOINT WARNING * * *
You feel drained.
A wight comes into view. It is wielding a +3 dire flail.
As you read the scroll of teleportation, it crumbles to dust.
You feel strangely unstable.
Your wolf closely misses the wight.
Your crimson imp barely misses the wight.
Your wolf bites the wight!
The wight is destroyed!
Cheibriados appreciates the change of pace.
The wight closely misses you.
The wight hits you with a +0 long sword!
* * * LOW HITPOINT WARNING * * *
You feel drained.
* * * LOW HITPOINT WARNING * * *
You feel better.
Your crimson imp hits the wight but does no damage.
The wight hits you with a +3 scimitar!
You die...

.............z..*,,,,,,*
.##.............*,,,,,,**********
.##.......z.....#,,,,,,,,,,,,,,,*
.##.............#****+*********,*
.##..)..........# *,* *,*
.##!.......)....#####,* *,*
.##.....?.#.........#,* *,*
..#######)#.9h......#,*********,*
.........°.....z@..$+,,,,,,,,,,>*
..#######.°°...z....#,***********
..### #......5....#,* ....#
#...........#,*
....#***#...........#,*
....+,..............#+*********
....######)...........,,,,,,,,*
.......................,,,,,,,*
###)........########....,,,,,,*


You could see 3 wights, a friendly guardian golem (summoned), a friendly wolf
(summoned, sheltered) and a friendly crimson imp (summoned, sheltered).

Vanquished Creatures
  A water moccasin (D:7)
  A sky beast (D:5)
  A black bear (D:5)
  A centaur (D:6)
  A bullfrog (D:6)
  2 scorpions (D:6)
  A howler monkey (D:7)
  A hound (D:7)
  An orc priest (D:4)
  An iguana (D:7)
  4 gnolls
  An adder (D:4)
  2 shadow imps (D:5)
  4 white imps
  A worm (D:4)
  7 orcs
  A goblin (D:3)
  A hobgoblin (D:4)
  A jackal (D:2)
33 creatures vanquished.

Vanquished Creatures (collateral kills)
  A black bear (D:7)
  A centaur (D:5)
  A necrophage (D:6)
  A wight (D:7)
  Dowan (D:5)
  A hound (D:5)
  A jelly (D:7)
  3 gnolls
  3 adders
  A white imp (D:5)
  An ufetubus (D:4)
  A worm (D:2)
  2 orcs
  A bat (D:1)
  An endoplasm (D:3)
  2 giant cockroaches
  6 goblins
  6 hobgoblins
  5 jackals
  4 quokkas
  4 ball pythons
  3 frilled lizards (D:1)
  4 kobolds
  A rat (D:3)
55 creatures vanquished.

Vanquished Creatures (others)
  Edmund (D:6)
  Duvessa (D:5)
  A centaur (D:7)
  A gnoll sergeant (D:7)
  5 wights (D:7)
  A gnoll (D:5)
  A plant (D:1)
11 creatures vanquished.

Grand Total: 99 creatures vanquished

Notes
Turn   | Place    | Note
-------+----------+-------------------------------------------
     0 | D:1      | Zeldest the Naga Summoner began the quest for the Orb.
     0 | D:1      | Reached XP level 1. HP: 15/15 MP: 3/3
   188 | D:1      | Reached XP level 2. HP: 16/24 MP: 3/5
   191 | D:1      | Learned a level 2 spell: Call Imp
   413 | D:1      | Found a faded altar of an unknown god.
   554 | D:2      | Found Acerhovo's Weapon Emporium.
   580 | D:2      | Reached skill level 1 in Fighting
   607 | D:2      | Identified the +1 dagger of Nezoics {antimagic, Will+
                  | Str+4}
   626 | D:2      | Reached XP level 3. HP: 17/31 MP: 0/6
   982 | D:3      | Learned a level 3 spell: Call Canine Familiar
  1078 | D:4      | Reached XP level 4. HP: 38/38 MP: 4/7
  1088 | D:4      | Identified the +9 sling of Ysoeddes {vorpal, rPois rC+
                  | Dex+4}
  1103 | D:4      | Reached skill level 5 in Summonings
  1158 | D:4      | Found Ewkaam's Weapon Shoppe.
  1184 | D:4      | Reached skill level 1 in Ranged Weapons
  1191 | D:4      | Reached XP level 5. HP: 19/45 MP: 7/9
  1338 | D:4      | Found a runed translucent door.
  1341 | D:4      | Noticed ragingrage's ghost (amateur DsCK)
  1353 | D:4      | Learned a level 3 spell: Summon Guardian Golem
  1396 | D:4      | Found Wuynwi's Distillery.
  1421 | D:5      | Entered Level 5 of the Dungeon
  1476 | D:5      | Noticed a centaur
  1490 | D:4      | Noticed Grinder
  1729 | D:5      | Found a runed translucent gate.
  1729 | D:5      | Found a runed translucent gate.
  1729 | D:5      | Found a runed translucent gate.
  1748 | D:5      | Noticed an ice beast
  1752 | D:5      | Noticed a sky beast
  1760 | D:5      | Noticed a black bear
  1796 | D:5      | Killed a black bear
  1797 | D:5      | Reached XP level 6. HP: 55/55 MP: 10/10
  1874 | D:5      | Noticed Duvessa
  1879 | D:5      | Noticed Dowan
  1891 | D:5      | Killed a sky beast
  1892 | D:5      | Reached skill level 6 in Summonings
  1892 | D:5      | Reached XP level 7. HP: 40/61 MP: 10/12
  1894 | D:5      | Killed Dowan
  1902 | D:5      | Killed Duvessa
  1976 | D:5      | Noticed bwicke's ghost (amateur PaGl)
  2116 | D:6      | Noticed Edmund
  2205 | D:6      | Killed Edmund
  2206 | D:6      | Reached XP level 8. HP: 69/69 MP: 10/13
  2345 | D:7      | Reached skill level 7 in Summonings
  2368 | D:7      | Found a large runed translucent door.
  2369 | D:7      | Found a large runed translucent door.
  2434 | D:7      | Reached skill level 5 in Ranged Weapons
  2458 | D:7      | Found a staircase to the Ecumenical Temple.
  2466 | Temple   | Entered the Ecumenical Temple
  2515 | Temple   | Became a worshipper of Cheibriados the Contemplative
  2699 | D:6      | Reached skill level 1 in Invocations
  2754 | D:7      | Reached XP level 9. HP: 79/79 MP: 13/15
  2854 | D:7      | Reached skill level 8 in Summonings
  2856 | D:7      | Slain by a wight

Illustrated notes

Levels and vault maps discovered:
D:1:      psy_arrival_fountain, layout_basic, ebering_ecumenical_altar_ruins
D:2:      layout_loops_ring, serial_shops, nicolae_shop_stone,
          minmay_misc_feat_five
D:3:      layout_basic, uniq_ijyb
D:4:      layout_loops_ring, ebering_ghost_reflecting_pool, serial_shops, shop,
          nicolae_shop_bloodbath_and_beyond, minmay_manual_mail, uniq_grinder
D:5:      layout_cave_pools, gammafunk_ghost_icy, uniq_duvessa
D:6:      layout_basic, grunt_ministairs_1, uniq_blork_the_orc, uniq_edmund
D:7:      layout_basic, minmay_temple_entry_large_hall,
          ebering_ghost_disaster_area, nicolae_zen_rock_garden
Temple:   regret_index_temple_chain_breaker

Skill      XL: |  1  2  3  4  5  6  7  8  9 |
---------------+----------------------------+-----
Fighting       | 1 2 3 4 |  4.5
Summonings     | 5 6 7 8 |  8.0
Ranged Weapons | 1 2 4 5 |  5.6
Spellcasting   | 3 4 |  4.4
Invocations    | 1 |  1.9
Dodging        | |  1.5
Stealth        | |  3.0

Action                   |  1- 3 |  4- 6 |  7- 9 || total
-------------------------+-------+-------+-------++-------
Melee: Unarmed           |    14 |       |       ||    14
 Fire: Sling             |       |    46 |    43 ||    89
 Cast: Summon Small Mamm |    38 |    11 |     4 ||    53
       Call Imp          |    18 |     5 |     8 ||    31
       Call Canine Famil |     3 |    10 |    15 ||    28
       Summon Guardian G |       |     1 |    12 ||    13
 Abil: Spit Poison       |     5 |     2 |     2 ||     9
  Use: Scroll            |       |     2 |    12 ||    14
       Potion            |       |       |     1 ||     1
Armor: Robe              |     7 |     3 |     4 ||    14
       Leather armour    |       |       |    20 ||    20
       Ring mail         |       |       |     1 ||     1
Dodge: Dodged            |    35 |    20 |    20 ||    75

Table legend: (Time is in decaauts)
 A = Elapsed time spent in this place.
 B = Non-inter-level travel time spent in this place.
 C = Inter-level travel time spent in this place.
 D = Time resting spent in this place.
 E = Time spent auto-exploring this place.
 F = Levels seen in this place.
 G = Mean time per level.
                   A        B        C        D        E       F      G
               +--------+--------+--------+--------+--------+-----+--------+
         Total |   3930 |   3620 |    310 |      0 |      0 |   8 |  491.2 |
       Dungeon |   3841 |   3543 |    298 |      0 |      0 |   7 |  548.7 |
        Temple |     88 |     77 |     11 |      0 |      0 |   1 |   88.0 |
               +--------+--------+--------+--------+--------+-----+--------+

Top non-repeatable levels by time:
     D:4: 863 daAuts
     D:1: 729 daAuts
     D:7: 715 daAuts
     D:5: 449 daAuts
     D:6: 414 daAuts
     D:2: 409 daAuts
     D:3: 260 daAuts
  Temple: 88 daAuts
